 Dungeon Crawl Stone Soup version 0.30-a0-989-g0d87f670db (webtiles) character file.

Game seed: 1551251547484240750

77 jtron the Charlatan (level 4, -7/32 HPs)
             Began as a Gnoll Wanderer on Apr 4, 2023.
             Mangled by Sigmund
             ... wielding a +0 scythe
              (10 damage)
             ... on level 2 of the Dungeon.
             The game lasted 00:04:26 (1022 turns).

jtron the Charlatan (Gnoll Wanderer)                Turns: 1022, Time: 00:04:27

Health: -7/32      AC:  3    Str: 10    XL:     4   Next: 34%
Magic:  7/8        EV: 12    Int: 12    God:
Gold:   46         SH:  0    Dex: 14    Spells: 5/9 levels left

rFire   . . .      SeeInvis .    a - +2 short sword (venom)
rCold   . . .      Faith    .    (no shield)
rNeg    . . .      Spirit   .    d - +0 robe
rPois   .          Reflect  .    (no helmet)
rElec   .          Rampage  .    b - +0 cloak
rCorr   .                        (no gloves)
Will    .....                    (no boots)
Stlth   +++                      (no amulet)
HPRegen 0.25/turn                (no ring)
MPRegen 0.11/turn                (no ring)

@: no status effects
A: fangs 1, strong nose, distributed training
a: no special abilities


You were on level 2 of the Dungeon.
You visited 1 branch of the dungeon, and saw 2 of its levels.

You collected 46 gold pieces.

Inventory:

Hand Weapons
 a - a +2 short sword of venom (weapon)
 f - a +0 dagger
 j - a +1 dagger of draining
Missiles
 g - 2 boomerangs (quivered)
 h - 7 stones
Armour
 b - a +0 cloak (worn)
 d - a +0 robe (worn)
Wands
 e - a wand of paralysis (15)
Scrolls
 c - a scroll of silence
 i - 3 scrolls of identify {unknown}
 k - a scroll of teleportation {unknown}
 l - a scroll of enchant weapon {unknown}
 n - a scroll of fog {unknown}


   Skills:
 + Level 1.1 Fighting
 + Level 1.1 Short Blades
 + Level 1.1 Long Blades
 + Level 1.1 Axes
 + Level 1.1 Maces & Flails
 + Level 1.1 Polearms
 + Level 1.1 Staves
 + Level 1.1 Ranged Weapons
 + Level 1.1 Throwing
 + Level 2.7 Armour
 + Level 1.1 Dodging
 + Level 6.0 Stealth
 + Level 1.1 Shields
 + Level 1.1 Unarmed Combat
 + Level 3.0 Spellcasting
 + Level 0.9 Conjurations
 + Level 0.9 Hexes
 + Level 0.9 Summonings
 + Level 0.9 Necromancy
 + Level 0.9 Translocations
 + Level 0.9 Transmutations
 + Level 3.8 Fire Magic
 + Level 0.9 Ice Magic
 + Level 0.9 Air Magic
 + Level 0.9 Earth Magic
 + Level 0.9 Poison Magic
 + Level 1.2 Invocations
 + Level 6.6 Evocations


You had 5 spell levels left.
You knew the following spells:

 Your Spells              Type           Power      Damage    Failure   Level
a - Foxfire               Conj/Fire      28%        2x1d3     10%         1
b - Inner Flame           Hex/Fire       7%         N/A       28%         3

Your spell library contained the following spells:

 Spells                   Type           Power      Damage    Failure   Level


Dungeon Overview and Level Annotations

Branches:
Dungeon (2/15)

Altars:

Shops:
D:1 (((

Annotations:
D:2 Sigmund


Innate Abilities, Weirdness & Mutations

You have very sharp teeth.
Your uncanny sense of smell can sniff out nearby items.
Your experience applies equally to all skills.


Message History

You're too confused to attack without stumbling around!
You bump into the rock wall.
A goblin comes into view. It is wielding a +0 club.
Sigmund casts a spell at you. The puff of flame misses you.
You bump into the rock wall.
Sigmund casts a spell at you. You resist with some effort.
It was a potion of heal wounds.
You feel much better.
Sigmund laughs darkly.
Sigmund misses you.
You're too confused to move!
You feel less confused.
You closely miss Sigmund.
Sigmund is lightly wounded.
Sigmund hits you with a +0 scythe!
You hit Sigmund.
Sigmund is poisoned.
Sigmund is lightly wounded.
Sigmund points at you and mumbles some strange words.
The puff of flame hits you!
You hit Sigmund.
Sigmund looks as sick as possible!
Sigmund is heavily wounded.
The goblin hits you with a +0 club.
You hit Sigmund.
Sigmund looks as sick as possible!
Your bite misses Sigmund.
Sigmund is heavily wounded.
Sigmund gestures wildly while chanting.
Sigmund flickers and vanishes!
Deactivating autopickup; reactivate with Ctrl-A.
The goblin barely misses you.
You barely miss something. Something barely misses you.
The goblin hits you with a +0 club.
* * * LOW HITPOINT WARNING * * *
You hit the goblin.
The goblin is poisoned.
The goblin is severely wounded.
You kill the goblin!
Something hits you!
* * * LOW HITPOINT WARNING * * *
You closely miss something. You hit something. Your bite misses something.
Something hits you!
You die...

#####'####< .
####.# #. .
##...†# ##
∆###.##
######..#.## #.
..... #).....##.#
## #.#.
#.###..##..
#..?##.###.....#.
#.{).<.##..####..
#..@#v....## #.
#...#....## .##
#...###### ..
#...# # ##### # #
# # #


There were no monsters in sight!

Vanquished Creatures
  4 adders (D:2)
  A worm (D:2)
  A dart slug (D:2)
  An endoplasm (D:1)
  2 giant cockroaches (D:1)
  2 hobgoblins (D:1)
  6 jackals (D:1)
  4 ball pythons
  2 bats (D:1)
  A frilled lizard (D:1)
  5 goblins
  3 kobolds (D:1)
  5 rats (D:1)
37 creatures vanquished.

Vanquished Creatures (others)
  46 foxfires
46 creatures vanquished.

Grand Total: 83 creatures vanquished

Notes
Turn   | Place    | Note
-------+----------+-------------------------------------------
     0 | D:1      | jtron the Gnoll Wanderer began the quest for the Orb.
     0 | D:1      | jtron set off with the following items: a +0 dagger, a +0
                  | cloak, a scroll of silence, a +0 robe, a wand of paralysis
                  | (15); and the following spell memorised: Foxfire; and the
                  | following spells available to memorise: Inner Flame.
     0 | D:1      | Reached XP level 1. HP: 13/13 MP: 4/4
    65 | D:1      | Found Vyirir's Antique Weapon Boutique.
    75 | D:1      | Found Momeamosm's Weapon Shop.
   132 | D:1      | Reached XP level 2. HP: 19/19 MP: 1/5
   252 | D:1      | Found Zepnoix's Antique Weapon Shop.
   471 | D:1      | Reached XP level 3. HP: 24/25 MP: 7/7
   700 | D:2      | Noticed Sigmund
   749 | D:2      | Learned a level 3 spell: Inner Flame
   776 | D:2      | Reached skill level 1 in Invocations
   890 | D:2      | Reached skill level 1 in Fighting
   890 | D:2      | Reached skill level 1 in Short Blades
   890 | D:2      | Reached skill level 1 in Long Blades
   890 | D:2      | Reached skill level 1 in Axes
   890 | D:2      | Reached skill level 1 in Maces & Flails
   890 | D:2      | Reached skill level 1 in Polearms
   890 | D:2      | Reached skill level 1 in Staves
   890 | D:2      | Reached skill level 1 in Ranged Weapons
   890 | D:2      | Reached skill level 1 in Throwing
   890 | D:2      | Reached skill level 1 in Dodging
   890 | D:2      | Reached skill level 1 in Shields
   890 | D:2      | Reached skill level 1 in Unarmed Combat
   925 | D:2      | Reached XP level 4. HP: 31/32 MP: 8/8
  1022 | D:2      | Mangled by Sigmund

Illustrated notes

Levels and vault maps discovered:
D:1:      lightli_arrival_noodles, layout_basic, serial_shops,
          nicolae_square_shop, shop, shop_statue, hangedman_glass_teeth
D:2:      layout_basic, nicolae_wormholes, uniq_sigmund

Skill      XL: |  1  2  3 |
---------------+----------+-----
Stealth        | 6 |  6.0
Invocations    | 1 |  1.2
Fighting       | 1 |  1.1
Short Blades   | 1 |  1.1
Long Blades    | 1 |  1.1
Axes           | 1 |  1.1
Maces & Flails | 1 |  1.1
Polearms       | 1 |  1.1
Staves         | 1 |  1.1
Ranged Weapons | 1 |  1.1
Throwing       | 1 |  1.1
Dodging        | 1 |  1.1
Shields        | 1 |  1.1
Unarmed Combat | 1 |  1.1
Spellcasting   | 3 |  3.0
Armour         | |  2.7
Conjurations   | |  0.9
Hexes          | |  0.9
Summonings     | |  0.9
Necromancy     | |  0.9
Translocations | |  0.9
Transmutations | |  0.9
Fire Magic     | |  3.8
Ice Magic      | |  0.9
Air Magic      | |  0.9
Earth Magic    | |  0.9
Poison Magic   | |  0.9
Evocations     | |  6.6

Action                     |  1- 3 |  4- 6 || total
---------------------------+-------+-------++-------
  Melee: Dagger            |     9 |       ||     9
         Short sword       |    56 |    14 ||    70
         Bite              |     2 |     1 ||     3
         Punch             |     1 |       ||     1
   Cast: Foxfire           |    24 |     2 ||    26
    Use: Potion            |     1 |     1 ||     2
   Stab: Sleeping          |     3 |       ||     3
 Armour: Robe              |    29 |       ||    29
  Dodge: Dodged            |    62 |     8 ||    70

Table legend: (Time is in decaauts)
 A = Elapsed time spent in this place.
 B = Non-inter-level travel time spent in this place.
 C = Inter-level travel time spent in this place.
 D = Time resting spent in this place.
 E = Time spent auto-exploring this place.
 F = Levels seen in this place.
 G = Mean time per level.
                   A        B        C        D        E       F      G
               +--------+--------+--------+--------+--------+-----+--------+
         Total |   1018 |    953 |     65 |      7 |    643 |   2 |  509.0 |
       Dungeon |   1018 |    953 |     65 |      7 |    643 |   2 |  509.0 |
               +--------+--------+--------+--------+--------+-----+--------+

Top non-repeatable levels by time:
     D:1: 736 daAuts
     D:2: 281 daAuts
